[Event "Titled Tuesday Blitz June 28 Early 2022"]
[White "Jubin Jimmy"]
[Black "Yuan, Qingyu"]
[WhiteFideId "46686614"]
[BlackFideId "8609772"]
[WhiteElo "2219"]
[BlackElo "2359"]
[Result "1-0"]
[Round "09"]
[TimeControl "180+1"]
[Date "2022.06.28"]
[WhiteClock "0:01:58"]
[BlackClock "0:00:53"]

1. d4 d5 2. c4 e6 3. Nc3 Nf6 4. cxd5 exd5 5. Bg5 c6 6. Qc2 h6 7. Bh4 Be7 8. e3 O-O 9. Bd3 Re8 10. Nge2 Nbd7 11. O-O a5 12. h3 b5 13. Rae1 Ba6 14. f3 Qb6 15. Kh1 Rac8 16. Bf5 Rcd8 17. e4 dxe4 18. fxe4 g6 19. Bxg6 fxg6 20. e5 Kg7 21. Nf4 Nf8 22. exf6+ Bxf6 23. Bxf6+ Kxf6 24. Nfd5+ Kg7 25. Nxb6 b4 26. Ne4 Bxf1 27. Rxf1 Rxd4 28. Nf6 Re6 29. Qf2 Rdd6 30. Nh5+ gxh5 31. Qxf8+ Kh7 32. Qf7+ Kh8 33. Nc8 Rd7 34. Qxe6 Rh7 35. Rf8+ 1-0


[Site "https://www.chess.com"]

[Event "Titled Tuesday Blitz June 28 Early 2022"]
[White "Kamsky, Gata"]
[Black "Rosen, Eric"]
[WhiteFideId "2000024"]
[BlackFideId "2032562"]
[WhiteElo "2645"]
[BlackElo "2362"]
[Result "1-0"]
[Round "09"]
[TimeControl "180+1"]
[Date "2022.06.28"]
[WhiteClock "0:01:23"]
[BlackClock "0:00:01"]

1. e4 c5 2. Nf3 d6 3. d4 cxd4 4. Nxd4 Nf6 5. Nc3 g6 6. Be2 Bg7 7. O-O O-O 8. Be3 Nc6 9. Qd2 Bd7 10. Rfd1 Rc8 11. f3 a6 12. a4 Na5 13. Nd5 Nc4 14. Bxc4 Rxc4 15. b3 Rc8 16. c4 Bc6 17. a5 Re8 18. Nb6 Rb8 19. Bh6 Bh8 20. Kh1 Nd7 21. Nd5 e6 22. Nb4 Qc7 23. Ndxc6 bxc6 24. Nxa6 Qa7 25. Nxb8 Rxb8 26. Rab1 d5 27. cxd5 exd5 28. exd5 c5 29. b4 cxb4 30. Rxb4 Re8 31. Re4 Ra8 32. Rde1 Bg7 33. Re8+ Rxe8 34. Rxe8+ Nf8 35. Bxg7 Kxg7 36. h3 Nd7 37. Qc3+ Nf6 38. Rc8 Qf2 39. Rc6 Kh6 40. Rxf6 Kg5 41. Rxf7 h5 42. Qf6+ Kh6 43. Qf4+ g5 1-0


[Site "https://www.chess.com"]

[Event "Titled Tuesday Blitz June 28 Early 2022"]
[White "Kanyamarala, Tarun"]
[Black "Silvestre, Christian"]
[WhiteFideId "45004714"]
[BlackFideId "30956269"]
[WhiteElo "2219"]
[BlackElo "2343"]
[Result "0-1"]
[Round "09"]
[TimeControl "180+1"]
[Date "2022.06.28"]
[WhiteClock "0:01:42"]
[BlackClock "0:00:10"]

1. e3 e5 2. Nf3 Nc6 3. e4 Bc5 4. c3 d6 5. d4 Bb6 6. Bb5 Bd7 7. d5 Nce7 8. Bxd7+ Qxd7 9. Qe2 Nf6 10. Bg5 Nfg8 11. Na3 h6 12. Be3 f5 13. Bxb6 axb6 14. Nb5 fxe4 15. Nd2 Nf6 16. c4 c6 17. Nc3 cxd5 18. cxd5 O-O 19. Ndxe4 Nxe4 20. Qxe4 Nf5 21. O-O Nd4 22. f4 Qf5 23. Qxf5 Rxf5 24. fxe5 Rxe5 25. Rae1 Rae8 26. Rxe5 Rxe5 27. Kf2 Rf5+ 28. Kg1 Re5 29. h3 Ne2+ 30. Nxe2 Rxe2 31. Rf2 Re1+ 32. Kh2 Rd1 33. Rc2 Rxd5 34. Rc7 Rd2 35. b4 Rxa2 36. Rxb7 Rb2 37. Rxb6 d5 38. Kg3 d4 39. Kf3 d3 40. Ke3 d2 41. Ke2 Kf7 42. Kd1 Ke7 43. g4 Kf7 44. h4 Ke7 45. h5 Kf7 46. b5 Ke7 47. Rb8 Kf7 48. b6 Kf6 49. Ke2 Kg5 50. Rg8 Kxg4 51. Rxg7+ Kxh5 52. b7 Kh4 53. Rc7 h5 54. Rc4+ Kh3 55. Rc3+ Kh4 56. Rc2 Rxb7 57. Rxd2 Rf7 58. Rd8 Kh3 59. Rg8 h4 60. Ke1 Kh2 61. Ke2 h3 62. Ke1 Rf5 63. Ke2 Rf6 64. Ke1 Rb6 65. Ke2 Rb2+ 66. Kf1 Rg2 67. Rh8 Kg3 68. Rg8+ Kh2 69. Rf8 Rg1+ 70. Kf2 Rg2+ 71. Kf1 Kh1 72. Rh8 h2 73. Rh7 Rg1+ 74. Kf2 Rg2+ 75. Kf1 Rg1+ 76. Kf2 Rg5 77. Kf1 Rf5+ 78. Ke2 Kg2 79. Rg7+ Kh3 80. Rh7+ Kg3 81. Ke1 Rf4 0-1


[Site "https://www.chess.com"]

[Event "Titled Tuesday Blitz June 28 Early 2022"]
[White "Kapitsyn, Mark"]
[Black "Gueci, Tea"]
[WhiteFideId "4116240"]
[BlackFideId "872342"]
[WhiteElo "2310"]
[BlackElo "2142"]
[Result "0-1"]
[Round "09"]
[TimeControl "180+1"]
[Date "2022.06.28"]
[WhiteClock "0:00:02"]
[BlackClock "0:01:13"]

1. e4 e5 2. Nf3 Nc6 3. Bc4 Nf6 4. d3 h6 5. c3 d6 6. Nbd2 g5 7. O-O Bg7 8. Bb3 O-O 9. Re1 g4 10. Nh4 Nxe4 11. dxe4 Qxh4 12. Nf1 h5 13. Qd3 Qe7 14. Be3 a5 15. Rad1 a4 16. Bc2 h4 17. Qd2 h3 18. Ng3 Qh4 19. Bg5 Qh7 20. Nf5 Bxf5 21. exf5 f6 22. Be3 hxg2 23. Qd5+ Kh8 24. Qxg2 Bh6 25. Rd3 Bf4 26. Rdd1 Rg8 27. a3 Rg5 28. Bd3 Rh5 29. Kf1 Rxh2 30. Qd5 Qh3+ 31. Ke2 Bxe3 32. Be4 Rxf2+ 33. Kd3 Bg5+ 34. Kc4 Na5+ 35. Kb4 Rxb2+ 36. Kxa4 Nc6+ 37. Qa5 Rxa5# 0-1


[Site "https://www.chess.com"]

[Event "Titled Tuesday Blitz June 28 Early 2022"]
[White "Karaev, Seit-Amet"]
[Black "Mickiewicz, Piotr"]
[WhiteFideId "4169549"]
[BlackFideId "1114891"]
[WhiteElo "2272"]
[BlackElo "2209"]
[Result "1-0"]
[Round "09"]
[TimeControl "180+1"]
[Date "2022.06.28"]
[WhiteClock "0:00:40"]
[BlackClock "0:00:02"]

1. e4 c5 2. Nf3 d6 3. d4 cxd4 4. Nxd4 Nf6 5. Nc3 Nc6 6. f3 e5 7. Nb3 Be6 8. Bg5 Be7 9. Qd2 O-O 10. O-O-O Qb6 11. h4 Rfd8 12. Be3 Qc7 13. Nd5 Bxd5 14. exd5 Nb8 15. g4 a5 16. Kb1 a4 17. Nc1 a3 18. b3 Nbd7 19. h5 Nc5 20. g5 Nfd7 21. g6 Bf6 22. Bh3 e4 23. Bd4 exf3 24. gxf7+ Kf8 25. h6 g6 26. c4 b5 27. Bxd7 Nxd7 28. Bxf6 Nxf6 29. Qd4 Qxf7 30. Rhf1 Kg8 31. Rxf3 Rf8 32. Rdf1 Qe7 33. Rxf6 bxc4 34. Rxf8+ Rxf8 35. Rxf8+ Qxf8 36. bxc4 Qxh6 37. Kc2 Qh2+ 38. Kb3 Qg3+ 39. Nd3 h5 40. Kb4 h4 41. c5 dxc5+ 42. Kxc5 h3 43. d6 h2 44. d7 Qc7+ 45. Kb5 Qb7+ 46. Kc4 Qc7+ 47. Nc5 h1=Q 48. d8=Q+ Qxd8 49. Qxd8+ Kh7 50. Qe7+ Kh6 51. Qe3+ g5 52. Qxa3 Qf1+ 53. Qd3 Qf7+ 54. Qd5 Qf1+ 55. Nd3 Qe2 56. Kc3 g4 57. a4 1-0


[Site "https://www.chess.com"]

[Event "Titled Tuesday Blitz June 28 Early 2022"]
[White "Khamdamova, Afruza"]
[Black "Maiorov, Nikita"]
[WhiteFideId "14210444"]
[BlackFideId "13501720"]
[WhiteElo "1660"]
[BlackElo "2417"]
[Result "0-1"]
[Round "09"]
[TimeControl "180+1"]
[Date "2022.06.28"]
[WhiteClock "0:00:02"]
[BlackClock "0:00:17"]

1. e4 c6 2. d4 d5 3. Nc3 dxe4 4. Nxe4 Bf5 5. Ng3 Bg6 6. h4 h6 7. Nf3 Nd7 8. Bd3 Bxd3 9. Qxd3 e6 10. Bd2 Ngf6 11. O-O-O Be7 12. Ne4 Nxe4 13. Qxe4 Nf6 14. Qe2 Qd5 15. c4 Qe4 16. Qxe4 Nxe4 17. Be3 Nf6 18. Ne5 Bd6 19. f4 Rc8 20. Rhe1 O-O 21. Rf1 Rfe8 22. b3 Bb8 23. Kc2 h5 24. Rf3 Ne4 25. Rg1 f6 26. Nd3 Kf7 27. g4 hxg4 28. Rxg4 Nd6 29. h5 Rh8 30. Rh3 Nf5 31. Bf2 Rcd8 32. Kc3 Rh7 33. Nc5 b6 34. Na6 Bd6 35. c5 Be7 36. Nb4 Rc8 37. Rg1 bxc5 38. dxc5 a5 39. Nc2 Rch8 40. Rgh1 Rd8 41. b4 Ra8 42. Ra1 Rhh8 43. bxa5 Rxa5 44. Kc4 Ra4+ 45. Nb4 Rb8 46. Rb3 Rb5 47. a3 Bf8 48. Rd1 Ke8 49. Kc3 Ne7 50. Rd6 Nd5+ 51. Nxd5 Bxd6 52. cxd6 exd5 53. Rxb5 Rc4+ 54. Kd3 cxb5 55. Bd4 Kd7 56. h6 gxh6 57. Bxf6 Kxd6 58. Be5+ Ke6 59. Ke3 h5 60. Kf3 Ra4 61. Kg3 Rxa3+ 62. Kh4 Kf5 0-1


[Site "https://www.chess.com"]

[Event "Titled Tuesday Blitz June 28 Early 2022"]
[White "Kjartansson, David"]
[Black "Csonka, Balazs"]
[WhiteFideId "2301130"]
[BlackFideId "742910"]
[WhiteElo "2382"]
[BlackElo "2404"]
[Result "1-0"]
[Round "09"]
[TimeControl "180+1"]
[Date "2022.06.28"]
[WhiteClock "0:00:40"]
[BlackClock "0:00:04"]

1. d4 e6 2. Nc3 Nf6 3. Bf4 Bb4 4. Qd3 Nd5 5. Bd2 Bxc3 6. bxc3 f5 7. g4 O-O 8. gxf5 exf5 9. Qc4 c6 10. Bg2 Kh8 11. Bxd5 cxd5 12. Qxd5 Nc6 13. Nf3 b6 14. Ne5 Qe7 15. Bf4 Bb7 16. Rg1 Rac8 17. Qxd7 Qxd7 18. Nxd7 Rf7 19. Ne5 Nxe5 20. Bxe5 Rxc3 21. Kd2 Rc8 22. f3 Kg8 23. c3 Bd5 24. a4 Re7 25. h4 g6 26. h5 Kf7 27. hxg6+ hxg6 28. Rh1 Ke6 29. Rag1 Rg8 30. Rh6 Kf7 31. Ke3 Bc6 32. c4 Bxa4 33. Kf4 Bb3 34. Rc1 Rc8 35. c5 bxc5 36. dxc5 Bd5 37. e3 Rce8 38. Bd4 Rg8 39. Ra1 g5+ 40. Kxf5 Bxf3 41. Rh7+ Ke8 42. Rxe7+ Kxe7 43. Rxa7+ Kd8 44. e4 Rf8+ 45. Bf6+ Rxf6+ 46. Kxf6 Bxe4 47. Kxg5 Kc8 48. Kf6 Kb8 49. Rg7 Kc8 50. Ke5 Bh1 51. Kd6 Kb8 52. c6 1-0


[Site "https://www.chess.com"]

[Event "Titled Tuesday Blitz June 28 Early 2022"]
[White "Kollars, Dmitrij"]
[Black "Nenezic, Marko"]
[WhiteFideId "12909572"]
[BlackFideId "912123"]
[WhiteElo "2584"]
[BlackElo "2432"]
[Result "1/2-1/2"]
[Round "09"]
[TimeControl "180+1"]
[Date "2022.06.28"]
[WhiteClock "0:00:08"]
[BlackClock "0:00:24"]

1. Nf3 Nf6 2. d4 g6 3. Nbd2 Bg7 4. e4 d6 5. Bc4 O-O 6. O-O Nc6 7. c3 e5 8. dxe5 dxe5 9. Qe2 a6 10. a4 Nh5 11. g3 Qe7 12. Rd1 Kh8 13. Bd5 Nd8 14. Nf1 c6 15. Bc4 Ne6 16. b3 Rd8 17. Ba3 Qe8 18. Rxd8 Nxd8 19. a5 Be6 20. Ne3 Bh3 21. Ng5 Be6 22. Rd1 Bh6 23. Nxe6 Nxe6 24. Ng4 Bg7 25. Bd6 Ng5 26. h4 Ne6 27. Nxe5 Rd8 28. Ng4 Bxc3 29. e5 Bxa5 30. Qf3 Bb6 31. Nh6 Kg7 32. Nf5+ Kh8 33. Kh2 Rd7 34. Nh6 Bc7 35. Bxc7 Rxc7 36. Rd6 Rd7 37. Bxe6 Rxd6 38. Nxf7+ Kg7 39. Nxd6 Qxe6 40. Nxb7 Qxe5 41. Qxc6 Qe2 42. Qb6 Nf6 43. Kg2 Qe4+ 44. Kg1 Qe1+ 45. Kg2 Qe4+ 46. Kf1 Qb1+ 47. Ke2 Qc2+ 48. Ke1 Qc1+ 49. Ke2 Qc2+ 50. Kf1 Qb1+ 51. Kg2 Qe4+ 1/2-1/2


[Site "https://www.chess.com"]

[Event "Titled Tuesday Blitz June 28 Early 2022"]
[White "Korchmar, Vasiliy"]
[Black "Perez Gormaz, Matias"]
[WhiteFideId "24131750"]
[BlackFideId "3406342"]
[WhiteElo "2370"]
[BlackElo "2341"]
[Result "1-0"]
[Round "09"]
[TimeControl "180+1"]
[Date "2022.06.28"]
[WhiteClock "0:00:23"]
[BlackClock "0:00:35"]

1. e4 d5 2. exd5 Qxd5 3. Nc3 Qd8 4. d4 g6 5. Nf3 Bg7 6. Bc4 Nf6 7. Ne5 O-O 8. O-O a6 9. Qf3 Qxd4 10. Bf4 Qb6 11. Rad1 Nc6 12. Nxc6 bxc6 13. h3 Qxb2 14. Bb3 Bf5 15. Bc1 Qa1 16. Ba3 Qxd1 17. Rxd1 Rfe8 18. Qxc6 h5 19. Bxe7 Nh7 20. Ba3 Ng5 21. Nd5 Be4 22. Nf6+ Kh8 23. Nxe4 Nxe4 24. Bxf7 Re5 25. Qxa8+ 1-0


[Site "https://www.chess.com"]

[Event "Titled Tuesday Blitz June 28 Early 2022"]
[White "Kuzmin, Roman"]
[Black "Blokhin, Sofia"]
[WhiteFideId "44134932"]
[BlackFideId "4508190"]
[WhiteElo "1968"]
[BlackElo "1760"]
[Result "1-0"]
[Round "09"]
[TimeControl "180+1"]
[Date "2022.06.28"]
[WhiteClock "0:00:49"]
[BlackClock "0:00:59"]

1. e4 c5 2. Nf3 e6 3. d4 cxd4 4. Nxd4 a6 5. Bd3 Qc7 6. O-O Nf6 7. Qe2 Nc6 8. Nxc6 dxc6 9. b3 e5 10. Bb2 Bc5 11. Nd2 Bg4 12. Qe1 O-O 13. Kh1 b5 14. f4 exf4 15. Qh4 Be7 16. e5 Ne4 17. Qxg4 Nxd2 18. Rxf4 g6 19. Rf2 Qa5 20. a3 Bc5 21. b4 Qa4 22. Rxd2 Be3 23. Re2 Bh6 24. e6 fxe6 25. Qxe6+ Rf7 26. Rf1 Rf8 27. Rxf7 Rxf7 28. Rf2 1-0


[Site "https://www.chess.com"]

[Event "Titled Tuesday Blitz June 28 Early 2022"]
[White "Ladopoulos, Dimitrios"]
[Black "Gurevich, Dmitry"]
[WhiteFideId "4239580"]
[BlackFideId "2000407"]
[WhiteElo "2195"]
[BlackElo "2506"]
[Result "1-0"]
[Round "09"]
[TimeControl "180+1"]
[Date "2022.06.28"]
[WhiteClock "0:00:02"]
[BlackClock "0:00:04"]

1. Nf3 Nf6 2. d4 e6 3. g3 b5 4. Bg2 Bb7 5. a4 b4 6. c4 Be7 7. O-O O-O 8. b3 a5 9. Bb2 d5 10. Nbd2 Nbd7 11. Rc1 c5 12. cxd5 Nxd5 13. Nc4 N7b6 14. Nfe5 cxd4 15. Nxb6 Qxb6 16. Nd7 Qd6 17. Nxf8 e5 18. Nxh7 Kxh7 19. e4 Nc3 20. Qh5+ Kg8 21. f4 Bf6 22. fxe5 Qxe5 23. Qxe5 Bxe5 24. Rce1 d3 25. Bc1 Rc8 26. Bf3 f5 27. exf5 Ne2+ 28. Kf2 Ba6 29. Bd5+ Kf8 30. Be3 Rc2 31. Kf3 Bc3 32. Rd1 Nd4+ 33. Bxd4 Bxd4 34. Ke4 d2 35. Rh1 Bc3 36. h4 Be2 37. Bc4 Bxc4 38. bxc4 b3 39. Kd3 Ke7 40. g4 Kf6 41. Rhf1 Ke5 42. g5 Ra2 43. Kxc3 Ke4 44. Kxb3 1-0


[Site "https://www.chess.com"]

[Event "Titled Tuesday Blitz June 28 Early 2022"]
[White "Large, Peter G"]
[Black "Vainio, Ville"]
[WhiteFideId "400866"]
[BlackFideId "507270"]
[WhiteElo "2064"]
[BlackElo "2246"]
[Result "1-0"]
[Round "09"]
[TimeControl "180+1"]
[Date "2022.06.28"]
[WhiteClock "0:00:24"]
[BlackClock "0:00:05"]

1. Nf3 d6 2. b3 e5 3. d4 e4 4. Nfd2 d5 5. e3 f5 6. c4 c6 7. Be2 Nf6 8. Ba3 Bxa3 9. Nxa3 O-O 10. b4 a5 11. b5 Qe7 12. Qb3 Be6 13. O-O Kh8 14. Rac1 g5 15. bxc6 bxc6 16. cxd5 cxd5 17. Nb5 Nbd7 18. Rc7 a4 19. Qa3 Qxa3 20. Nxa3 Rfc8 21. Rfc1 Rxc7 22. Rxc7 Rb8 23. Bb5 f4 24. Kf1 fxe3 25. fxe3 Rb6 26. h3 h5 27. Rc6 Rxc6 28. Bxc6 g4 29. hxg4 Nxg4 30. Ke2 Nb6 31. Ndb1 Kg7 32. Nc3 Kf6 33. Nxa4 Nc8 34. Nc5 Bf7 35. Nc2 Nd6 36. a4 Nc4 37. Bb5 Ke7 38. Bxc4 dxc4 39. Nxe4 Bg6 40. Kf3 Nh2+ 41. Kf4 Nf1 42. Nb4 c3 43. Nxc3 Nd2 44. e4 Nc4 45. Nbd5+ Kd7 46. Ne3 Bf7 47. Nxc4 Bxc4 48. d5 Kd6 49. a5 Ke7 50. Ke5 h4 51. Kf4 h3 52. gxh3 Kd6 53. h4 Kc7 54. h5 Be2 55. h6 Bh5 56. h7 Bf7 57. h8=Q Kb7 58. Qg7 Ka6 59. Qxf7 Kxa5 60. Qe7 Kb6 61. Qd6+ Ka5 62. Qc5+ Ka6 63. Qc6+ Ka5 64. Qb5# 1-0


[Site "https://www.chess.com"]

[Event "Titled Tuesday Blitz June 28 Early 2022"]
[White "Lashkin, Jegor"]
[Black "Araujo Sanchez, Josue"]
[WhiteFideId "13907808"]
[BlackFideId "6416896"]
[WhiteElo "2368"]
[BlackElo "2339"]
[Result "0-1"]
[Round "09"]
[TimeControl "180+1"]
[Date "2022.06.28"]
[WhiteClock "0:00:01"]
[BlackClock "0:00:04"]

1. d4 Nf6 2. c4 e6 3. Nf3 b6 4. g3 Bb7 5. Bg2 Be7 6. O-O O-O 7. Nc3 d5 8. Ne5 c6 9. Bf4 Nbd7 10. e4 dxe4 11. Nxe4 Nxe5 12. Bxe5 Nxe4 13. Bxe4 Bf6 14. Qg4 Bxe5 15. dxe5 Qc7 16. Qh5 h6 17. Rad1 Rad8 18. Qe2 c5 19. Bxb7 Qxb7 20. Rd6 Rxd6 21. exd6 Rd8 22. Rd1 Qc6 23. Qe5 Qf3 24. Rd2 Rd7 25. b3 h5 26. h4 g6 27. Qg5 Kf8 28. Qe5 Kg8 29. Qe1 Kg7 30. Qa1+ Qf6 31. Qd1 Qe5 32. Rd3 f6 33. Qd2 Qa1+ 34. Kh2 Qe5 35. Kg2 Kf7 36. Kf1 Qe4 37. Re3 Qh1+ 38. Ke2 Qc6 39. Rd3 Qe4+ 40. Kd1 Qf5 41. Kc1 Qe5 42. Kb1 f5 43. a3 a6 44. Ka2 b5 45. Qh6 Rxd6 46. Qh7+ Kf8 47. Qh6+ Ke7 48. Qh7+ Kd8 49. Qg8+ Kc7 50. Qf7+ Kb6 51. Rxd6+ Qxd6 52. Qxg6 Qd2+ 53. Kb1 Qe1+ 54. Kc2 Qxf2+ 55. Kd1 Qd4+ 56. Ke1 Qe4+ 57. Kf2 bxc4 58. bxc4 Qd4+ 59. Kg2 Qe4+ 60. Kh2 Qe2+ 61. Kh1 Qf1+ 62. Kh2 Qe2+ 63. Kh1 Ka5 64. Qf6 Ka4 65. Qc3 a5 66. Kg1 e5 67. Qc1 Qe4 68. Qd1+ Kxa3 69. Qa1+ Kb4 70. Qb2+ Kxc4 71. Qa2+ Kd4 72. Qa4+ c4 73. Qa1+ c3 74. Qa4+ Kd3 75. Qd1+ Kc4 76. Qa4+ Kd3 77. Qd1+ Ke3 78. Qe1+ Kf3 79. Qf2+ Kg4 80. Kh2 c2 81. Qd2 f4 82. Qd7+ Kf3 83. gxf4 Qxf4+ 84. Kh1 c1=Q+ 0-1


[Site "https://www.chess.com"]

[Event "Titled Tuesday Blitz June 28 Early 2022"]
[White "Malyi, Viacheslav"]
[Black "Dronavalli, Harika"]
[WhiteFideId "14123983"]
[BlackFideId "5015197"]
[WhiteElo "2270"]
[BlackElo "2382"]
[Result "0-1"]
[Round "09"]
[TimeControl "180+1"]
[Date "2022.06.28"]
[WhiteClock "0:01:16"]
[BlackClock "0:01:10"]

1. e4 c5 2. Nf3 e6 3. g3 Nc6 4. Bg2 e5 5. O-O g6 6. c3 Bg7 7. d3 Nge7 8. Nbd2 O-O 9. Nc4 d6 10. a4 Be6 11. Ng5 Bc8 12. Nf3 h6 13. Ne3 Be6 14. c4 Qd7 15. Nd5 Bh3 16. Re1 Bxg2 17. Kxg2 f5 18. a5 g5 19. Bd2 Rf7 20. b4 Raf8 21. bxc5 fxe4 22. Nxe7+ Qxe7 23. Ng1 Rxf2+ 24. Kh1 exd3 25. Be3 e4 26. Bxf2 Rxf2 27. cxd6 Qxd6 28. Rxe4 Bxa1 29. Qxa1 d2 30. Re8+ Rf8 31. Rxf8+ Kxf8 32. Qh8+ Ke7 33. Qg7+ Kd8 34. c5 Qd5+ 0-1


[Site "https://www.chess.com"]

[Event "Titled Tuesday Blitz June 28 Early 2022"]
[White "Marjanovic, Annamaria"]
[Black "Dushyant Sharma"]
[WhiteFideId "750930"]
[BlackFideId "25065130"]
[WhiteElo "2156"]
[BlackElo "2105"]
[Result "1-0"]
[Round "09"]
[TimeControl "180+1"]
[Date "2022.06.28"]
[WhiteClock "0:00:59"]
[BlackClock "0:00:08"]

1. b3 d5 2. Bb2 e6 3. g3 f5 4. Bg2 Nf6 5. f4 Be7 6. Nf3 O-O 7. O-O c5 8. d3 Nc6 9. e3 b5 10. a4 b4 11. Nbd2 Bb7 12. Qe2 Rc8 13. Ne5 a5 14. Nxc6 Bxc6 15. Nf3 Nd7 16. Ne5 Nxe5 17. Bxe5 Bf6 18. Bxf6 Qxf6 19. Rae1 e5 20. g4 fxg4 21. Qxg4 e4 22. dxe4 dxe4 23. Kh1 c4 24. Rg1 cxb3 25. cxb3 Bd5 26. Qh5 Rfd8 27. Rd1 Qf7 28. Qg5 h6 29. Qe5 Bxb3 30. Rxd8+ Rxd8 31. Qxa5 Rb8 32. Bxe4 Be6 33. Qe5 Re8 34. Qd4 Bf5 35. Bxf5 Qxf5 36. Qxg7# 1-0


[Site "https://www.chess.com"]

[Event "Titled Tuesday Blitz June 28 Early 2022"]
[White "Martinez Alcantara, Jose Eduardo"]
[Black "Ozdemir, Serhan Berat"]
[WhiteFideId "3805662"]
[BlackFideId "6374611"]
[WhiteElo "2703"]
[BlackElo "1920"]
[Result "1-0"]
[Round "09"]
[TimeControl "180+1"]
[Date "2022.06.28"]
[WhiteClock "0:01:46"]
[BlackClock "0:00:03"]

1. e4 c5 2. Nf3 e6 3. d4 cxd4 4. Nxd4 a6 5. Nc3 b5 6. Bd3 Qb6 7. Nb3 Qc7 8. Be3 Bb7 9. O-O Nf6 10. a3 Be7 11. f4 d6 12. Qf3 Nbd7 13. Rae1 O-O 14. Qh3 g6 15. f5 exf5 16. exf5 Ne5 17. Bd4 Rfe8 18. Nd2 Rad8 19. Nde4 Nxe4 20. Bxe4 Bf8 21. Bxb7 Qxb7 22. Ne4 Bg7 23. f6 Bf8 24. Ng5 h5 25. Ne4 d5 26. Ng3 Ng4 27. Nxh5 gxh5 28. Qxh5 Rxe1 29. Rxe1 Bh6 30. Qxg4+ Kh7 31. Qf5+ Kh8 32. Re7 Rg8 33. Rxb7 1-0


[Site "https://www.chess.com"]

[Event "Titled Tuesday Blitz June 28 Early 2022"]
[White "Mekhane, Adam"]
[Black "Cruz, Cristhian"]
[WhiteFideId "36050601"]
[BlackFideId "3801969"]
[WhiteElo "2002"]
[BlackElo "2497"]
[Result "0-1"]
[Round "09"]
[TimeControl "180+1"]
[Date "2022.06.28"]
[WhiteClock "0:00:02"]
[BlackClock "0:01:09"]

1. e4 e6 2. d4 d5 3. exd5 exd5 4. Nf3 Nc6 5. Bd3 Bd6 6. O-O Nge7 7. c3 Bf5 8. Bg5 Qd7 9. a4 O-O 10. Re1 a6 11. Bh4 Rfe8 12. Bg3 Bxg3 13. hxg3 Bxd3 14. Qxd3 Nf5 15. Nbd2 f6 16. Nb3 Nd6 17. Nc5 Qf7 18. Rxe8+ Rxe8 19. Re1 a5 20. Re2 b6 21. Nb3 Nc4 22. Nc1 Rxe2 23. Qxe2 Qe7 24. b3 Qxe2 25. Nxe2 Nd6 26. Nf4 Ne7 27. Ne6 c6 28. Kf1 Kf7 29. Nf4 g5 30. Ne2 h5 31. Nd2 Ke6 32. f3 c5 33. Kf2 Nc6 34. Ke3 c4 35. bxc4 Nxc4+ 36. Nxc4 dxc4 37. g4 h4 38. Ke4 Ne7 39. d5+ Nxd5 40. Kd4 Kd6 41. g3 h3 42. Kxc4 h2 43. Nd4 h1=Q 0-1


[Site "https://www.chess.com"]

[Event "Titled Tuesday Blitz June 28 Early 2022"]
[White "Melkumyan, Hrant"]
[Black "Cherniaiev, Tykhon"]
[WhiteFideId "13302485"]
[BlackFideId "14182360"]
[WhiteElo "2604"]
[BlackElo "2289"]
[Result "0-1"]
[Round "09"]
[TimeControl "180+1"]
[Date "2022.06.28"]
[WhiteClock "0:00:05"]
[BlackClock "0:00:08"]

1. Nf3 Nf6 2. c4 e6 3. g3 d5 4. Bg2 Be7 5. O-O O-O 6. b3 c5 7. cxd5 exd5 8. d4 cxd4 9. Bb2 Nc6 10. Nxd4 h6 11. Nc3 Re8 12. e3 a6 13. Rc1 Bg4 14. Qd2 Rc8 15. h3 Bd7 16. Rfd1 Ne5 17. Nce2 Ne4 18. Rxc8 Qxc8 19. Bxe4 dxe4 20. Rc1 Qd8 21. Nf4 Bg5 22. Kg2 Bxf4 23. exf4 Nd3 24. Rc2 Qb6 25. Qe3 Qa5 26. Bc3 Qh5 27. g4 Bxg4 28. hxg4 Qxg4+ 29. Kf1 Qd1+ 30. Kg2 Qg4+ 31. Kf1 Nxf4 32. Ne2 Qg2+ 33. Ke1 Rd8 34. Nd4 Qg1+ 35. Kd2 Ng2 36. Qe2 Re8 37. Nf5 Rd8+ 38. Bd4 Nf4 39. Qe3 Ng2 40. Qg3 Qe1# 0-1


[Site "https://www.chess.com"]

[Event "Titled Tuesday Blitz June 28 Early 2022"]
[White "Mendez Fortes, Eduardo Jesus"]
[Black "Martinez, Shawn"]
[WhiteFideId "3502376"]
[BlackFideId "2039770"]
[WhiteElo "2321"]
[BlackElo "2174"]
[Result "1-0"]
[Round "09"]
[TimeControl "180+1"]
[Date "2022.06.28"]
[WhiteClock "0:01:41"]
[BlackClock "0:00:59"]

1. e4 c5 2. Nf3 e6 3. d4 cxd4 4. Nxd4 a6 5. c4 Nf6 6. Nc3 Bb4 7. Qd3 Bxc3+ 8. Qxc3 d6 9. f3 O-O 10. Be3 Qc7 11. Be2 Nc6 12. O-O Bd7 13. Rfd1 Rfd8 14. Rac1 Be8 15. a3 Rac8 16. b4 Ne5 17. Nb3 Ba4 18. c5 dxc5 19. Rxd8+ Rxd8 20. Nxc5 Be8 21. Bf4 Nfd7 22. Nxd7 Qxc3 23. Rxc3 Nxd7 24. Rc7 b5 25. Ra7 Nb6 26. Bc7 Rd2 27. Bxb6 Rxe2 28. Ra8 Kf8 29. Bc5+ 1-0


[Site "https://www.chess.com"]

[Event "Titled Tuesday Blitz June 28 Early 2022"]
[White "Mikhalsky, Vladimir"]
[Black "Hamley, Ryan"]
[WhiteFideId "14144352"]
[BlackFideId "30959497"]
[WhiteElo "2301"]
[BlackElo "2475"]
[Result "0-1"]
[Round "09"]
[TimeControl "180+1"]
[Date "2022.06.28"]
[WhiteClock "0:00:05"]
[BlackClock "0:00:02"]

1. e4 d6 2. d4 Nf6 3. Nc3 c6 4. a4 Qa5 5. f3 e5 6. Be3 Be7 7. Qd2 Nbd7 8. Bc4 a6 9. Nge2 b5 10. Bb3 Bb7 11. O-O Qc7 12. axb5 axb5 13. d5 O-O 14. dxc6 Bxc6 15. Ng3 Rfd8 16. Nf5 Bf8 17. Bg5 Rxa1 18. Rxa1 Ra8 19. Rd1 Ne8 20. Nd5 Bxd5 21. Bxd5 Rc8 22. c3 Nb6 23. Ne3 Qc5 24. Kh1 Nc7 25. h3 Nc4 26. Nxc4 bxc4 27. Qe2 Ne6 28. Be3 Qb5 29. b4 Nf4 30. Bxf4 exf4 31. Ra1 Qb6 32. Re1 g6 33. Bxc4 Bg7 34. Qd3 Qf2 35. Re2 Qf1+ 36. Kh2 Bf6 37. Rd2 Qe1 38. Qd5 Rf8 39. Rd1 Qg3+ 40. Kh1 Bxc3 41. b5 Ba5 42. Qd4 Rc8 43. Qd5 Rc7 44. Qa8+ Kg7 45. Qxa5 Rxc4 46. Qa1+ Kh6 47. b6 Rc2 48. Rg1 Qg5 49. Qb1 Rc8 50. b7 Rb8 51. Rc1 Qe7 0-1


[Site "https://www.chess.com"]

[Event "Titled Tuesday Blitz June 28 Early 2022"]
[White "Mogirzan, Matei-Valeriu"]
[Black "De La Colina, Nicolas"]
[WhiteFideId "1257455"]
[BlackFideId "30946921"]
[WhiteElo "1733"]
[BlackElo "2046"]
[Result "1-0"]
[Round "09"]
[TimeControl "180+1"]
[Date "2022.06.28"]
[WhiteClock "0:00:05"]
[BlackClock "0:00:09"]

1. b3 Nf6 2. c4 g6 3. Bb2 Bg7 4. e4 d6 5. Nf3 c5 6. d3 Nc6 7. g3 O-O 8. Bg2 Qc7 9. Nc3 a6 10. O-O e6 11. Rc1 b6 12. d4 cxd4 13. Nxd4 Bb7 14. Nd5 Nxd5 15. cxd5 Rac8 16. dxc6 Ba8 17. Qc2 e5 18. Ne2 Bxc6 19. Bh3 f5 20. exf5 Qd7 21. f4 Bg2 22. Bxg2 Rxc2 23. Rxc2 gxf5 24. Rfc1 Kh8 25. Bd5 Qb5 26. Bc6 Qb4 27. fxe5 dxe5 28. Bg2 f4 29. gxf4 exf4 30. Bxg7+ Kxg7 31. Rc7+ Kh8 32. R7c4 Qd2 33. Nxf4 Qe3+ 34. Kh1 Rxf4 35. Rc8+ Kg7 36. R8c7+ Rf7 37. R7c3 Qd2 38. Rg3+ Kf8 39. Rc8+ Ke7 40. h3 Qd1+ 41. Kh2 Qd6 42. Rg8 h5 43. h4 Qf4 44. Kh3 Qf5+ 45. Kh2 Qe5 46. Kh3 Rf4 47. R8g5 Qe6+ 48. Kh2 Rxh4+ 49. Kg1 Qe1+ 50. Bf1 Qe3+ 51. Rxe3+ Kf6 52. Rgg3 Rd4 53. Bxa6 Rd1+ 54. Kg2 Rd2+ 55. Re2 Rd4 56. Rh3 Kg5 57. Re5+ Kf4 58. Rhxh5 Rd2+ 59. Re2 Rd1 60. Kf2 Ra1 61. Re4+ Kxe4 62. Rh4+ Kd5 63. Bc4+ Kc5 64. a4 Kb4 65. Bd5+ Kc5 66. Bc4 Kb4 67. Rh5 Ra2+ 68. Ke3 Kc3 69. Rb5 Ra1 70. Rxb6 Re1+ 71. Kf4 Re8 72. a5 Kd4 73. a6 Kc5 74. Re6 Rf8+ 75. Ke5 Ra8 76. Re7 Kc6 77. Bd5+ Kb6 78. Bxa8 Ka5 79. a7 Kb6 80. Bd5 Kc5 81. a8=Q Kb4 82. Qb7+ Ka3 83. Qa6+ Kb2 84. b4 Kc3 85. b5 Kb2 86. b6 Kc3 87. b7 Kd2 88. b8=Q Kc3 89. Qb3+ 1-0


[Site "https://www.chess.com"]